Cogmind - Beta 14 @@@ ROGUE MODE // 2025.01.17 @ 22:57:48 Player: human Result: Destroyed by G-34 Mercenary with Small Laser Performance ------------- Evolutions (0) 0 Regions Visited (1) 200 Robots Destroyed (8) 40 Value Destroyed (226) 226 Prototype IDs (0) 0 Alien Tech Used (0) 0 Bonus (0) 0 TOTAL SCORE: 466 Bonus ------- None Cogmind --------- Core Integrity 0/250 Matter 300/300 Energy 100/100 System Corruption 2% Temperature Cool (6) Movement Core (350) Ox6 Location -10/Materials Parts ------- > --- POWER (1) -------- (None) > --- PROPULSION (2) --- (None) > --- UTILITY (2) ------ Large Storage Unit Structural Scanner > --- WEAPON (2) ------- (None) > --- INVENTORY (15) --- Light Ion Engine Light Nuclear Core Compact Wheel Compact Wheel Small Storage Unit Datajack Peak State ------------ > --- POWER ------------ Light Ion Engine > --- PROPULSION ------- Light Treads Light Treads > --- UTILITY ---------- Small Storage Unit Structural Scanner > --- WEAPON ----------- Medium Laser Assault Rifle > --- INVENTORY -------- Light Ion Engine Light Nuclear Core Compact Wheel Compact Wheel [Rating: 7] Favorites ----------- Power Light Ion Engine Engine Light Ion Engine Propulsion Light Treads Treads Light Treads Utility Structural Scanner Device Structural Scanner Storage Small Storage Unit Weapon Medium Laser Energy Gun Medium Laser Ballistic Gun Assault Rifle Build | -11 -10 ------- Run | Yrd Mat Slots Evolved . | . . Power . | . . Propulsion . | . . Utility . | . . Weapon . | . . Parts Attached 9 | 4 5 Power 1 | 1 . Engine 1 | 1 . Core . | . . Reactor . | . . Propulsion 2 | 2 . Treads 2 | 2 . Leg . | . . Wheel . | . . Hover . | . . Flight . | . . Utility 4 | 1 3 Device 1 | . 1 Storage 3 | 1 2 Processor . | . . Hackware . | . . Protection . | . . Artifact . | . . Weapon 2 | . 2 Energy Gun 1 | . 1 Energy Cannon . | . . Ballistic Gun 1 | . 1 Ballistic Cannon . | . . Launcher . | . . Special Weapon . | . . Impact Weapon . | . . Slashing Weapon . | . . Piercing Weapon . | . . Special Melee Weapon . | . . Unidentified Prototypes . | . . Parts Lost 5 | . 5 Power 1 | . 1 Propulsion 2 | . 2 Utility . | . . Weapon 2 | . 2 Highest Loss Streak 3 | . 3 To Critical Strikes . | . . Average Slot Usage (%) 73 | . 73 Engine 8 | . 8 Treads 21 | . 21 Device 9 | . 9 Storage 14 | . 14 Energy Gun 11 | . 11 Ballistic Gun 7 | . 7 Peak Build Rating 7 | 4 7 Average Rating 4 | 3 5 On Entrance 2 | . 4 Naked Turns . | . . Heaviest Build 28 | 8 28 Greatest Support 40 | 40 40 Greatest Overweight (x) 1 | . 1 Average Overweight (x) . | . . Largest Inventory Capacity 15 | 8 15 Average Capacity 11 | 6 11 Most Carried 6 | 6 6 Average Carried 4 | 3 4 Final Capacity 15 | 8 15 Final Carried 6 | 5 6 Class Distribution -------------------- 100% | Mutant Dominant Class ---------------- Mutant | -10/Materials Resources | -11 -10 ----------- Run | Yrd Mat Matter Collected 323 | 181 142 Remotely . | . . Salvage Created 262 | . 262 Parts 11 | . 11 Haulers Intercepted . | . . Recyclers Shooed . | . . Parts Field Recycled . | . . Retrieved Matter . | . . Parts Self-Destructed . | . . Prevented . | . . Kills | -11 -10 ------- Run | Yrd Mat Combat Hostiles Destroyed 8 | . 8 Guns 6 | . 6 Classes Destroyed 2 | . 2 Swarmer 3 | . 3 Grunt 5 | . 5 Best Kill Streak 3 | . 3 Combat Bots Only 3 | . 3 Max Kills in Single Turn 1 | . 1 Gunslinging . | . . Exploded . | . . Melee . | . . Uniques/NPCs Destroyed . | . . Combat | -11 -10 -------- Run | Yrd Mat Hostile Shots Fired 107 | . 107 Missed 33 | . 33 Damage Taken 838 | . 838 Core 251 | . 251 Absorbed by Shields . | . . Core Remaining (%) 100 | 100 . Volleys Fired 35 | . 35 Largest 2 | . 2 Hottest 70 | . 70 Shots Fired 51 | . 51 Gun 51 | . 51 Cannon . | . . Launcher . | . . Special . | . . Kinetic 16 | . 16 Thermal 35 | . 35 Explosive . | . . Electromagnetic . | . . Robot Hit Streak 10 | . 10 Robot Miss Streak 3 | . 3 Penetration Max . | . . Secondary Targets 1 | . 1 Max Gunslinging Chain 1 | . 1 Shots Hit Robots 40 | . 40 Core Hits 14 | . 14 Critical Kills . | . . Critical Parts Destroyed . | . . Critical Strikes 2 | . 2 Burn 2 | . 2 Melee Attacks . | . . Impact . | . . Slashing . | . . Piercing . | . . Sneak Attacks . | . . Combat Hostiles . | . . Follow-up Attacks . | . . Damage Inflicted 547 | . 547 Guns 531 | . 531 Cannons . | . . Explosions . | . . Melee . | . . Ramming 16 | . 16 Kinetic 137 | . 137 Thermal 394 | . 394 Explosive . | . . Electromagnetic . | . . Impact . | . . Slashing . | . . Piercing . | . . Highest Corruption 2 | . 2 Average Corruption 2 | . 2 Corruption Purged . | . . Corruption Blocked . | . . Overload Shots . | . . Overflow Damage . | . . Projectiles . | . . Explosions . | . . Melee . | . . Knockbacks 1 | . 1 Impact 1 | . 1 Kinetic . | . . Secondary . | . . Self-Inflicted Damage . | . . Shots . | . . Rammed 10 | . 10 Targets Rammed 10 | . 10 Kicked . | . . Crushed . | . . Highest Temperature 174 | . 174 Average Temperature 65 | . 65 Received Heat Transfer 420 | . 420 Siege Activations . | . . Robots Corrupted . | . . Combat Hostiles . | . . Parts Fried . | . . Impact Corruptions . | . . Robots Melted 2 | . 2 Combat Hostiles 2 | . 2 Parts Melted 4 | . 4 Heat Transferred 1295 | . 1295 Parts Sabotaged . | . . Parts Stolen . | . . Parts Stripped . | . . Power Chain Reactions . | . . Alert | -11 -10 ------- Run | Yrd Mat Peak Influence 205 | . 205 Initial . | . . Average 93 | . 111 Maximum Alert Level 1 | . 1 Low Security (%) 91 | 100 89 Level 1 8 | . 10 Level 2 . | . . Level 3 . | . . Level 4 . | . . Level 5 . | . . High Security . | . . Max Security . | . . Squads Dispatched 1 | . 1 Investigation . | . . Extermination . | . . Reinforcement 1 | . 1 Assault . | . . Garrison . | . . Intercept . | . . Searches Triggered . | . . Construction Impeded . | . . Haulers Reinforced . | . . Active Scanning Responses . | . . Cargo Convoy Interrupts . | . . Stealth | -11 -10 --------- Run | Yrd Mat Distress Signals 1 | . 1 Communications Jammed . | . . Distress Signals . | . . Times Spotted 12 | . 12 Peak Tracking Total 4 | . 4 Tactical Retreats 1 | . 1 Traps | -11 -10 ------- Run | Yrd Mat Traps Triggered . | . . Indirectly . | . . Trap Hack Attempts . | . . Triggered . | . . Disarmed . | . . Reprogrammed . | . . Reused . | . . Traps Extracted . | . . Installed . | . . Triggered . | . . Machines | -11 -10 ---------- Run | Yrd Mat Machines Disabled . | . . Max in Single Turn . | . . Machines Repaired . | . . Machines Dismantled . | . . Machines Sabotaged . | . . Overloaded Fab Kills . | . . Hacking | -11 -10 --------- Run | Yrd Mat Machines Accessed . | . . Terminals . | . . Fabricators . | . . Repair Stations . | . . Recycling Units . | . . Scanalyzers . | . . Garrison Access . | . . Total Hacks . | . . Successful . | . . Failed . | . . Catastrophic . | . . Database Lockouts . | . . Manual . | . . Terminals . | . . Fabricators . | . . Repair Stations . | . . Recycling Units . | . . Scanalyzers . | . . Garrison Access . | . . Terminal Hacks . | . . Fabricator Hacks . | . . Repair Station Hacks . | . . Recycling Unit Hacks . | . . Scanalyzer . | . . Garrison Access Hacks . | . . Unauthorized Hacks . | . . Terminals . | . . Fabricators . | . . Repair Stations . | . . Recycling Units . | . . Scanalyzers . | . . Garrison Access . | . . Data Cores Recovered . | . . Used . | . . Hacking Detections . | . . Full Trace Events . | . . Feedback Events . | . . Feedback Blocked . | . . Robot Schematics Acquired . | . . Robots Built . | . . Authchips . | . . Time . | . . Total Robot Build Rating . | . . Part Schematics Acquired . | . . Parts Built . | . . Authchips . | . . Time . | . . Total Part Build Rating . | . . Parts Repaired . | . . Time . | . . Parts Recycled . | . . Recycled Matter . | . . Retrieved Matter . | . . Retrieved Components . | . . Parts Scanalyzed . | . . Part Schematics Acquired . | . . Parts Damaged . | . . Bothacking | -11 -10 ------------ Run | Yrd Mat Used RIF Installer . | . . Robots Hacked . | . . Non-combat . | . . Combat . | . . Robot Hacks Applied . | . . Relay Couplers Released . | . . Fabnet Peak Effective % . | . . Robots Rewired . | . . Allies Hacked . | . . Hacks Repelled . | . . Allies | -11 -10 -------- Run | Yrd Mat Total Allies . | . . Largest Group . | . . Highest-Rated Group . | . . Highest-Rated Ally . | . . Total Orders . | . . Ally Attacks . | . . Total Damage . | . . Kills . | . . Allies Corrupted . | . . Allies Melted . | . . Intel | -11 -10 ------- Run | Yrd Mat Robot Analysis Total . | . . Derelict Logs Recovered . | . . Drone Launches . | . . Drone Recoveries . | . . Exploration | -11 -10 ------------- Run | Yrd Mat Turns Passed 479 | 75 404 Spaces Moved 197 | 43 154 Core 5 | 5 . Treads 192 | 38 154 Legs . | . . Wheels . | . . Hover . | . . Flight . | . . Fastest Speed 50 | 50 160 Average Speed 172 | 147 179 Slowest Speed 240 | 160 240 Overloaded Moves . | . . Propulsion Burnouts . | . . Robots Hopped . | . . Cave-ins Triggered . | . . Exploration Rate (%) 19 | 4 34 Regions Visited 1 Branch Regions . Pre-discovered Areas . | . . Known Exits Taken . | . . Unknown Exits Taken 1 | 1 . Scrap Searched . | . . Spaces Dug . | . . Terrain Destroyed . | . . Melee . | . . Projectile . | . . AOE . | . . Terrain Rammed . | . . Walls Destroyed . | . . Machines Disabled . | . . Actions | -11 -10 --------- Run | Yrd Mat Total 262 | 53 209 Wait . | . . Move 196 | 42 154 Hop . | . . Pick Up 10 | 6 4 Fast Attach 5 | 4 1 Attach 2 | . 2 Detach . | . . Swap 2 | . 2 Drop 2 | 1 1 Fire 35 | . 35 Melee . | . . Ram 6 | . 6 Kick . | . . Crush 4 | . 4 Escape Stasis . | . . Rewire . | . . Trap . | . . Miscellaneous . | . . Route ------- -11/Scrapyard -10/Materials (discovered 1 exit: [*Mat]) History --------- Turn | Location | Event 19 | -11/Scrapyard | Discovered new exit (range 15) 76 | -11/Scrapyard | Entered Materials 301 | -10/Materials | Build established: Mutant 356 | -10/Materials | Lost 3 parts (1p1n1w) 372 | -10/Materials | Discovered new exit (range 8) 402 | -10/Materials | Core integrity fell below 50% 471 | -10/Materials | Core integrity fell below 20% 480 | -10/Materials | Destroyed by G-34 Mercenary with Small Laser Last Messages --------------- 00348_ O-16 Technician uses terminal to summon reinforcements. 00348_ ALERT: Hostiles spotted, dispatching reinforcements to Terminal M002. 00348_ O-16 Technician locks terminal. 00372_ EXIT=FOUND 00388_ G-34 Mercenary heat damages Aluminum Leg. 00389_ G-34 Mercenary overheating. 00393_ G-34 Mercenary heat damages core (-4). 00417_ R-06 Scavenger collects Heat Sink. 00421_ R-06 Scavenger collects Aluminum Leg. 00426_ Acquired Datajack. 00438_ Med. Laser destroyed. 00450_ Slammed into G-34 Mercenary. 00458_ Lgt. Treads destroyed. 00460_ Slammed into G-34 Mercenary. 00470_ Destabilizing: System corrupted (+2). 00474_ Slammed into G-34 Mercenary. 00474_ G-34 Mercenary knocked back. 00477_ Slammed into G-34 Mercenary. Map ----- +----------------------------------------------------+ | | | | | | | | | | | | | | | | | | | | | | | | | | | | | | | ????????????????????????#####????????????????????? | | ???????????????????????? ##????????????????????? | | ????????????????????## ##????????????????????? | | ????????????????????## ##????????????????????? | | ????????????????????##""" ##### ????????????????? | | ????????????????????##""" #####"????????????????? | | ???????????###########""" # #"????????????????? | | ???????????###########""" # < #"???????#### ????? | | ??????????? ## # # ###?#### ????? | | ??????????? """ """ ####+### ###+### # ????? | | ????????? # """ """ # %%@ + ????? | | ????????? # """ """ + %%g = # ????? | | ????????? # """ # %% # ????? | | ????????? # #########+######## # ????? | | ?????????## ##### =% #####???## ????? | | ????????### ##### ##?????????????? | | ????????#######+######### ##?????????????? | | ???????? # "T" # ##?????????????? | | ????????? + # ##?????????????? | | ?????? # # ##?????????????? | | ??????####+#### # """ + ##?????????????? | | ??????## # # """ # ##?????????????? | | ??????## # %+ """ ############?????????????? | | ??????## """ / # ############?????????????? | | ??????## """ # % ########???????????????????????? | | ??????## """ # # ???????????????????????? | | ??????## # # ?????????????????????????????? | | ??? ########+## # ?????????????????????????????? | | ???######### + ?????????????????????????????? | | ???## !##### # ?????????????????????????????? | | ???## !#### ### ?????????????????????????????? | | ???## !#### ### ?????????????????????????????? | | ?#### #### ##???????????????????????????????? | | ?#### !#### ##???????????????????????????????? | | ?## !!##### ############?????????????????????? | +----------------------------------------------------+ Best States ------------- Heat Dissipation 25 Energy Generation 10 Energy Capacity 125 Matter Stores 300 Matter Capacity 300 Sight Range 16 Terrain Scan Density 10 Evasion (%) 40 Recoil Reduction 2 Item Schematics ----------------- None Robot Schematics ------------------ None Fabricated ------------ Nothing Alien Tech Used ----------------- None Achievements -------------- None Challenges ------------ None Game ------ Seed MultinovaRingBoomstick Manual? 0 Play Time 00:04:54 Cumulative 74.4 hours Start 2025.01.17 @ 22:53:27 End 2025.01.17 @ 22:57:48 Sessions 1 Manual Loads 0 Difficulty Rogue Special Mode None Game No. 54 Rogue 54 Adventurer 0 Explorer 0 Win Type - Total 0 Types 0/0/0/0/0/0/0/0/0 Lore% 22 Gallery% 40 Achievement% 32 Wizard Run 0 Options --------- Layout 1 ASCII 0 Keyboard 0 Movement Mouse Keybinds 0 Fullscreen 1 Font 24/Smallcaps Map View 50x35 Zoom Use 0% Tactical HUD 1 Map Filters NONE Filters NONE Steam 1 RUN: ebc2f823-1c59-4fcc-986c-cac456fcbec3